 Dungeon Crawl Stone Soup version 0.26.1-11-gd32895ea62 (webtiles) character file.

Game seed: 10314892433015271658

8253 Descartes the Grappler (level 11, -14/119 HPs)
             Began as a Troll Chaos Knight on June 2, 2021.
             Was a Plaything of Xom.
             Demolished by an orc warrior
             ... wielding a +0 broad axe
              (30 damage)
             ... on level 1 of the Orcish Mines.
             The game lasted 00:19:29 (8893 turns).

Descartes the Grappler (Troll Chaos Knight)         Turns: 8893, Time: 00:19:31

Health: -14/119    AC:  7    Str: 22    XL:     11   Next: 7%
Magic:  10/10      EV: 14    Int:  8    God:    Xom [*.....]
Gold:   700        SH:  0    Dex:  8    Spells: 10/10 levels left

rFire    . . .     SeeInvis .     - Unarmed
rCold    + . .     Faith    .   (no shield)
rNeg     . . .     Spirit   .   O - +1 robe {rC+}
rPois    .         Reflect  .   (helmet restricted)
rElec    .         Harm     .   (no cloak)
rCorr    .         Rampage  .   (gloves unavailable)
Will     .....                  (boots unavailable)
Stlth    +.........             z - amulet of regeneration
HPRegen  1.09/turn              (no ring)
MPRegen  0.12/turn              (no ring)

@: confused, mighty, hasted, very quick
A: large, unfitting armour, antennae 1, claws 3, fangs 1, repulsion field 1,
clumsy 2, deterioration 1, regeneration 1, robust 1, screaming 1, shaggy fur 1,
tough skin 3
a: Renounce Religion


You were on level 1 of the Orcish Mines.
You worshipped Xom.
You were a special plaything of Xom.
You visited 2 branches of the dungeon, and saw 10 of its levels.

You collected 700 gold pieces.

Inventory:

Hand Weapons
 j - a +0 scimitar of flaming
Missiles
 g - 358 stones (quivered)
 h - 8 atropa-tipped darts
 i - 69 poisoned darts
 w - 11 boomerangs
 x - 7 boomerangs of dispersal
Armour
 a - a +2 robe
 O - a +1 robe of cold resistance (worn)
Jewellery
 z - an amulet of regeneration (around neck)
 N - an uncursed ring of ice
Wands
 n - a wand of paralysis (23)
 A - a wand of acid (11)
 C - a wand of flame (23)
 D - a wand of digging (7)
 G - a wand of disintegration (7)
 I - a wand of random effects (41)
Scrolls
 c - a scroll of fear {unknown}
 f - 7 scrolls of teleportation
 k - 4 scrolls of magic mapping {unknown}
 m - 3 scrolls of enchant armour {unknown}
 o - 3 scrolls of blinking {unknown}
 v - 3 scrolls of remove curse {unknown}
 y - 2 scrolls of amnesia {unknown}
 B - 3 scrolls of fog {unknown}
 E - a scroll of noise {unknown}
 F - 2 scrolls of enchant weapon {unknown}
 J - a scroll of holy word {unknown}
 K - a scroll of brand weapon {unknown}
 L - a scroll of identify
Potions
 b - 3 potions of haste
 d - 2 potions of lignification
 e - 5 potions of flight
 l - a potion of ambrosia
 p - 4 potions of attraction
 q - 2 potions of mutation
 t - a potion of degeneration
 u - a potion of curing
Miscellaneous
 H - a phantom mirror
 M - a box of beasts


   Skills:
 + Level 7.5 Fighting
 + Level 7.4 Dodging
 * Level 12.1 Unarmed Combat
 + Level 1.9 Evocations


You had 10 spell levels left.
You didn't know any spells.
Your spell library contained the following spells:

 Spells                   Type           Power        Failure   Level
 Sting                    Tmut/Pois      0%           41%         1
 Poisonous Vapours        Pois/Air       0%           54%         2
 Ignite Poison            Fire/Tmut/Pois 0%           78%         3
 Mephitic Cloud           Conj/Pois/Air  0%           78%         3
 Olgreb's Toxic Radiance  Pois           0%           99%         4


Dungeon Overview and Level Annotations

Branches:
Dungeon (9/15)             Temple (0/1) D:6             Orc (1/2) D:9
   Lair: D:8-11

Altars:
Dithmenos
Fedhas
Gozag
Hepliaklqana
Makhleb
Nemelex Xobeh
Okawaru
Qazlal
Ru
Uskayaw
Wu Jian
Xom
Zin
The Shining One

Shops:
D:6 [


Innate Abilities, Weirdness & Mutations

You are too large for most types of armour.
You have claws for hands.
Your natural rate of healing is unusually fast.
You are covered in fur. (AC +1)
You have extremely tough skin. (AC +3)
You have a pair of small antennae on your head.
You have very sharp teeth.
You are surrounded by a mild repulsion field. (EV +2)
You are very clumsy. (Dex -4)
Your body sometimes deteriorates upon taking damage.
You are robust. (+10% HP)
You occasionally shout uncontrollably at your foes.


Message History

The orc wizard is killed!
The orc warrior barely misses you.
The ogre hits the orc knight with a +0 giant club!!
The warg bites you.
* * * LOW HITPOINT WARNING * * *
The orc priest hits the orc!
The orc is killed!
You are confused.
You feel invigorated.
An orc priest comes into view. It is wielding a +0 flail.
The orc throws a boomerang.
The boomerang hits you!
* * * LOW HITPOINT WARNING * * *
The weapon returns to the orc!
The orc misses you.
You feel much better.
The orc priest shouts!
The warg bites you!
* * * LOW HITPOINT WARNING * * *
The orc warrior hits you with a +0 broad axe!!
You die...
Xom chortles!

........o....$........
... #$o..........$..#
#..#
##..............##...#
##...o#.........$$..#
##.#.....##..........$##
#.......o.#.##..$....$.#O
##.#.##..#....o.o.....o..
#####..ho#o.o.#.)..$....
#.....@))O.)o..##.#.##
#.....#o##o.oo..# .#
##.#...#.#..[.<.## #
####.#.....#....#
####....###.## ##..## ###
#...# ##.## ##


You could see an orc knight (confused), a warg (confused), an orc warrior
(strong, confused), an ogre (confused), 4 orc priests, 3 orc wizards and 4 orcs.

Vanquished Creatures
  Fannar (D:9)
  Erica (D:9)
  A two-headed ogre (D:8)
  An orc sorcerer (Orc:1)
  2 yaks
  A basilisk (D:8)
  3 wargs
  A water moccasin (D:8)
  2 black bears (D:8)
  2 ice beasts
  7 orc warriors
  4 sky beasts
  A necrophage (D:9)
  2 phantoms
  4 centaurs
  7 ogres
  5 bullfrogs
  2 big kobolds
  A wyvern zombie (D:8)
  A water moccasin zombie (D:9)
  5 scorpions
  A killer bee (D:8)
  4 wights (D:9)
  A bullfrog zombie (D:6)
  6 crimson imps (D:8)
  4 orc priests
  3 bullfrog skeletons
  5 hounds
  3 jellies
  A centaur skeleton (D:8)
  6 iguanas
  6 orc wizards
  5 worker ants
  A killer bee zombie (D:7)
  A hound skeleton (D:5)
  12 adders
  A shadow imp (D:8)
  5 white imps
  2 oozes
  2 adder skeletons
  An adder zombie (D:5)
  4 worms
  2 dart slugs
  5 leopard geckos
  24 orcs
  11 bats
  8 giant cockroaches
  12 goblins
  5 hobgoblins
  19 kobolds
  5 quokkas
  6 frilled lizards
  A jackal skeleton (D:6)
  A leopard gecko zombie (D:6)
  A quokka skeleton (D:4)
  8 rats
236 creatures vanquished.

Vanquished Creatures (collateral kills)
  A phantom (D:5)
  A jelly (D:4)
  A worker ant (D:4)
3 creatures vanquished.

Grand Total: 239 creatures vanquished

Notes
Turn   | Place    | Note
-------+----------+-------------------------------------------
     0 | D:1      | Descartes the Troll Chaos Knight began the quest for the
                  | Orb.
     0 | D:1      | Reached XP level 1. HP: 22/22 MP: 0/0
   184 | D:1      | XOM: divination: detect items
   240 | D:1      | Reached XP level 2. HP: 26/29 MP: 1/1
   509 | D:1      | XOM: silly message
   523 | D:1      | Reached XP level 3. HP: 36/36 MP: 2/2
   881 | D:1      | XOM: noise
   908 | D:1      | XOM: noise
   931 | D:2      | XOM: divination: detect creatures
  1034 | D:2      | Found a sparkling altar of Nemelex Xobeh.
  1120 | D:2      | Reached skill level 4 in Unarmed Combat
  1257 | D:2      | XOM is BORED!
  1294 | D:2      | Found an iron altar of Okawaru.
  1381 | D:2      | Found an ornate altar of the Wu Jian Council.
  1702 | D:2      | Reached XP level 4. HP: 44/44 MP: 3/3
  2232 | D:3      | Found a glowing silver altar of Zin.
  2291 | D:3      | XOM: noise
  2478 | D:3      | XOM: give mutations
  2478 | D:3      | Gained mutation: Your body sometimes deteriorates upon
                  | taking damage. [Xom's mischief]
  2478 | D:3      | Gained mutation: You are robust. (+10% HP) [Xom's mischief]
  2478 | D:3      | Gained mutation: You are clumsy. (Dex -2) [Xom's mischief]
  2554 | D:3      | XOM: smoke on damage
  2556 | D:3      | Reached XP level 5. HP: 50/58 MP: 4/4
  2979 | D:3      | XOM is BORED!
  2979 | D:3      | XOM: give mutations
  2979 | D:3      | Gained mutation: You have a pair of small antennae on your
                  | head. [Xom's mischief]
  2979 | D:3      | Gained mutation: Armour fits poorly on your strangely
                  | shaped body. [Xom's mischief]
  2979 | D:3      | Gained mutation: You are very clumsy. (Dex -4) [Xom's
                  | mischief]
  3164 | D:4      | Reached skill level 5 in Unarmed Combat
  3274 | D:4      | Noticed an ogre
  3275 | D:4      | Noticed a phantom
  3280 | D:4      | Killed an ogre
  3280 | D:4      | XOM: summons friendly iron imp
  3281 | D:4      | Reached XP level 6. HP: 67/67 MP: 5/5
  3537 | D:4      | Found a hide-covered altar of Uskayaw.
  3635 | D:5      | Entered Level 5 of the Dungeon
  3636 | D:5      | XOM: 1-stop teleportation journey
  3639 | D:5      | XOM: summons 4 friendly demons
  3645 | D:5      | Reached skill level 6 in Unarmed Combat
  3645 | D:5      | Reached XP level 7. HP: 69/74 MP: 6/6
  3743 | D:5      | XOM: god gift: 7 boomerangs of dispersal
  3858 | D:5      | XOM: 1-stop teleportation journey
  4109 | D:5      | Reached skill level 7 in Unarmed Combat
  4206 | D:5      | XOM: noise
  4393 | D:5      | XOM: scenery: create altars
  4521 | D:6      | Reached XP level 8. HP: 66/86 MP: 7/7
  4558 | D:6      | XOM is BORED!
  4558 | D:6      | XOM: polymorph leopard gecko -> hobgoblin
  4561 | D:6      | Found a staircase to the Ecumenical Temple.
  4582 | D:6      | XOM: 1-stop teleportation journey
  4659 | D:6      | Found Isop's Armour Emporium.
  5139 | D:6      | Found a burning altar of Makhleb.
  5139 | D:6      | Found a shadowy altar of Dithmenos.
  5152 | D:7      | Found a stormy altar of Qazlal.
  5284 | D:7      | Reached skill level 8 in Unarmed Combat
  5371 | D:7      | Reached skill level 5 in Fighting
  5389 | D:7      | Found a glowing golden altar of the Shining One.
  5507 | D:7      | Found a blossoming altar of Fedhas.
  5577 | D:7      | You fall into a shaft and drop 2 floors!
  5700 | D:8      | Reached skill level 5 in Dodging
  5828 | D:8      | XOM: blink monster(s)
  5836 | D:8      | Reached XP level 9. HP: 59/96 MP: 8/8
  5858 | D:8      | XOM: 7-stop teleportation journey
  5925 | D:8      | Reached skill level 9 in Unarmed Combat
  6091 | D:8      | XOM: cast spell 'Summon Ice Beast'
  6267 | D:8      | XOM: enchant monster (good)
  6276 | D:8      | XOM: scenery: create altars
  6339 | D:8      | Reached skill level 10 in Unarmed Combat
  6394 | D:8      | XOM: divination: detect items
  6671 | D:8      | Found a sacrificial altar of Ru.
  6768 | D:8      | Reached XP level 10. HP: 110/110 MP: 9/9
  6949 | D:8      | Found an opulent altar of Gozag.
  7091 | D:8      | XOM: divination: detect creatures
  7154 | D:8      | Lost mutation: You are robust. (+10% HP) [potion of
                  | mutation]
  7154 | D:8      | Lost mutation: Armour fits poorly on your strangely shaped
                  | body. [potion of mutation]
  7154 | D:8      | Gained mutation: You occasionally shout uncontrollably at
                  | your foes. [potion of mutation]
  7154 | D:8      | Gained mutation: You are robust. (+10% HP) [potion of
                  | mutation]
  7154 | D:8      | Gained mutation: You have very sharp teeth. [potion of
                  | mutation]
  7154 | D:8      | Gained mutation: You are surrounded by a mild repulsion
                  | field. (EV +2) [potion of mutation]
  7201 | D:9      | Noticed a two-headed ogre
  7218 | D:9      | XOM: silly message
  7238 | D:8      | Killed a two-headed ogre
  7317 | D:8      | XOM: potion effect (heal wounds)
  7321 | D:8      | XOM: silly message
  7323 | D:8      | Reached skill level 11 in Unarmed Combat
  7326 | D:8      | XOM: polymorph yak -> warg
  7447 | D:9      | Noticed Erica
  7457 | D:9      | Killed Erica
  7457 | D:9      | XOM: summons 1 hostile demon
  7470 | D:9      | XOM: summons 4 hostile demons
  7471 | D:9      | Noticed an orange demon
  7738 | D:9      | XOM: scenery: create altars
  7778 | D:9      | XOM: god gift: scroll of teleportation
  7799 | D:9      | XOM: divination: detect items
  7974 | D:9      | Found a staircase to the Orcish Mines.
  7996 | D:9      | XOM: silly message
  8435 | D:9      | Found a hazy altar of Hepliaklqana.
  8478 | Orc:1    | Entered Level 1 of the Orcish Mines
  8483 | Orc:1    | Noticed Fannar
  8515 | D:9      | Killed Fannar
  8516 | D:9      | Reached skill level 1 in Evocations
  8567 | D:9      | XOM: god gift: 38 gold pieces
  8625 | D:9      | Reached skill level 12 in Unarmed Combat
  8713 | Orc:1    | Noticed an orc sorcerer
  8731 | Orc:1    | Noticed a smoke demon
  8731 | Orc:1    | Paralysed by an orc sorcerer for 3 turns
  8771 | Orc:1    | Killed an orc sorcerer
  8772 | Orc:1    | Reached XP level 11. HP: 116/119 MP: 10/10
  8774 | Orc:1    | Noticed an orc knight
  8784 | Orc:1    | XOM: enchant monster (good)
  8882 | Orc:1    | XOM: enchant monster (good)
  8887 | Orc:1    | XOM: confuse monster(s)
  8888 | Orc:1    | HP: 5/119 [orc warrior/+0 broad axe (28)]
  8893 | Orc:1    | Demolished by an orc warrior

Illustrated notes

Levels and vault maps discovered:
D:1:      psy_arrival_spokes, layout_loops_ring, minmay_hexomino_f4
D:2:      layout_basic, nicolae_overflow_hidden_temple, nemelex_altar_shiori,
          marbit_many_paths, nrook_mini_vaults, grunt_decor_resistance,
          serial_park_tiny_2
D:3:      layout_loops_ring, old_standard_altar
D:4:      wad_pebble_path, layout_basic, eat_drink_and_be_merry_uskayaw
D:5:      layout_loops_corners
D:6:      layout_basic, gammafunk_temple_overflow_wave,
          minmay_temple_entry_wispy, serial_shops, shop,
          eino_small_chamber_without_monster
D:7:      layout_loops_ring, nicolae_tso_swordbearing_angel,
          kiku_gazebo_pond_becter, fedhas_altar_fruit_tree, basic_altar
D:8:      minmay_the_grid_four_pointed_star
          [minmay_the_grid_triangle_9x9_sparse_checkered,
          minmay_the_grid_triangle_9x9_impossible_snake,
          minmay_the_grid_triangle_9x9_negative_grid,
          minmay_the_grid_triangle_9x9_stretched_checkered,
          minmay_the_grid_prize_big_room], layout_loops_ring,
          lemuel_doored_altar, nicolae_gozag_cash_rules_everything_around_me,
          nrook_uturn, minmay_nine_imps
D:9:      layout_basic, nzn_hepliaklqana_mist_gate, orc_0_dummy,
          grunt_ministairs_3, minivault_26, uniq_erica
Orc:1:    layout_caves, basic_altar, nicolae_orc_crystal_geode, uniq_fannar

Skill      XL: |  1  2  3  4  5  6  7  8  9 10 |
---------------+-------------------------------+-----
Dodging        | 2 3 4 5 6 7 |  7.4
Unarmed Combat | 4 5 6 7 8 10 12 | 12.1
Fighting       | 3 4 5 6 7 |  7.5
Evocations     | 1 |  1.9

Action                   |  1- 3 |  4- 6 |  7- 9 | 10-12 || total
-------------------------+-------+-------+-------+-------++-------
Melee: Unarmed           |   129 |   151 |   319 |   178 ||   777
       Punch             |     1 |     1 |    10 |     6 ||    18
       Bite              |       |       |       |    10 ||    10
  Use: Scroll            |       |       |       |    11 ||    11
       Potion            |       |       |       |     8 ||     8
 Stab: Sleeping          |     2 |       |       |       ||     2
       Confused          |       |       |       |     1 ||     1
Armor: Robe              |    91 |    50 |    98 |    38 ||   277
Dodge: Dodged            |   103 |    83 |   143 |   140 ||   469
